 Dungeon Crawl Stone Soup version 0.29.1-1-gd02db69 (webtiles) character file.

Game seed: 13759316719702026709

8317 Dorkslayer the Cleaver (level 11, -1/95 HPs)
             Began as a Hill Orc Fighter on Oct 9, 2022.
             Was an Initiate of Gozag.
             Slain by a two-headed ogre
             ... wielding a +0 giant club
              (4 damage)
             ... on level 10 of the Dungeon.
             The game lasted 00:35:34 (11299 turns).

Dorkslayer the Cleaver (Hill Orc Fighter)          Turns: 11299, Time: 00:35:35

Health: -1/95      AC: 21    Str: 22    XL:     11   Next: 29%
Magic:  11/11      EV:  8    Int:  8    God:    Gozag
Gold:   977        SH:  5    Dex: 12    Spells: 10/10 levels left

rFire   . . .      SeeInvis +   a - +3 war axe
rCold   . . .      Faith    .   c - +0 buckler
rNeg    . . .      Spirit   .   v - +0 plate armour
rPois   .          Reflect  .   g - +2 helmet {SInv}
rElec   .          Harm     .   f - +1 cloak {Stlth+}
rCorr   .          Rampage  .   l - +0 pair of gloves
Will    .....                   b - +0 pair of boots
Stlth   ..........              (no amulet)
HPRegen 0.25/turn               (no ring)
MPRegen 0.12/turn               (no ring)

@: gold aura
A: no striking features
a: Renounce Religion, Potion Petition, Call Merchant, Bribe Branch


You were on level 10 of the Dungeon.
You worshipped Gozag.
Gozag was pleased with you.
You visited 2 branches of the dungeon, and saw 11 of its levels.
You also visited: Sewer and Ossuary.

You collected 2397 gold pieces.
You spent 1362 gold pieces at shops.
You paid 58 gold pieces to Gozag.

Inventory:

Hand Weapons
 a - a +3 war axe (weapon)
 n - a +0 war axe
 z - a +4 trident
Missiles
 u - 9 boomerangs
 x - a curare-tipped dart (quivered)
 F - a silver boomerang
Armour
 b - a +0 pair of boots (worn)
 c - a +0 buckler (worn)
 f - a +1 cloak of stealth (worn)
 g - a +2 helmet of see invisible (worn)
 l - a +0 pair of gloves (worn)
 v - a +0 plate armour (worn)
 A - the +1 plate armour "Qyliot" {+Inv rElec rF+++ Str-5}
   (You bought it in a shop on level 4 of the Dungeon)

   Str:       It affects your strength (-5).
   rF:        It renders you almost immune to fire.
   rElec:     It insulates you from electricity.
   +Inv:      It lets you turn invisible.
Scrolls
 e - a scroll of identify
 j - a scroll of magic mapping
 k - 2 scrolls of blinking
 o - 2 scrolls of enchant armour
 q - a scroll of summoning
 r - 8 scrolls of teleportation
 s - 2 scrolls of fear
 t - 2 scrolls of butterflies
 y - a scroll of immolation
 B - 2 scrolls of enchant weapon
Potions
 d - 2 potions of ambrosia
 h - 3 potions of flight
 i - 4 potions of magic
 m - 5 potions of curing
 p - 2 potions of brilliance
 w - 4 potions of mutation
 C - 4 potions of heal wounds


   Skills:
 * Level 8.5 Fighting
 + Level 13.7 Axes
 + Level 1.6 Throwing
 + Level 7.9 Armour
 + Level 6.2 Dodging
 + Level 1.7 Stealth
 + Level 5.6 Shields
 * Level 4.2 Evocations


You had 10 spell levels left.
You didn't know any spells.
Your spell library contained the following spells:

 Spells                   Type           Power      Damage    Failure   Level
 Freeze                   Ice            0%         1d3       100%        1
 Sandblast                Erth           0%         2d4       100%        1
 Passwall                 Tmut/Erth      0%         N/A       100%        2
 Static Discharge         Conj/Air       0%         3-3/arc   100%        2
 Conjure Flame            Conj/Fire      0%         6-21      100%        3
 Frozen Ramparts          Ice            0%         1d1       100%        3
 Ignite Poison            Fire/Tmut/Pois 0%         N/A       100%        3
 Stone Arrow              Conj/Erth      0%         3d7       100%        3
 Hailstorm                Conj/Ice       0%         3d3       100%        4
 Sticky Flame             Conj/Fire      0%         2d3       100%        4
 Summon Lightning Spire   Summ/Air       0%         N/A       100%        4
 Lightning Bolt           Conj/Air       0%         1d11      100%        5
 Storm Form               Tmut/Air       0%         N/A       100%        7
 Maxwell's Capacitive Co  Air            0%         ∞         100%        8


Dungeon Overview and Level Annotations

Branches:
Dungeon (10/15)            Temple (1/1) D:4            Lair (0/5) D:9
  Sewer (visited)         Ossuary (visited)
    Orc: D:9-12

Altars:
Ashenzari
Cheibriados
Dithmenos
Elyvilon
Fedhas
Gozag
Hepliaklqana
Kikubaaqudgha
Makhleb
Nemelex Xobeh
Okawaru
Qazlal
Sif Muna
Trog
Uskayaw
Vehumet
Wu Jian
Xom
Yredelemnul
Zin
The Shining One
Beogh

Shops:
D:1 *   D:4 [?   D:9 [


Message History

You slash the centaur!
The centaur is severely wounded.
The centaur closely misses you.
The centaur kicks you but does no damage.
The centaur hits you but does no damage.
The centaur closely misses you.
You hit the centaur.
You kill the centaur!
You now have 977 gold pieces (gained 15).
You see here a +0 shortbow.
You see here a +0 shortbow.
There is an open door here.
There is an open door here.
There is an open door here.
You open the door.
There is an open door here.
A two-headed ogre comes into view. It is wielding two +0 giant clubs.
Found 3 stones.
The two-headed ogre shouts in stereo!
The two-headed ogre closely misses you.
The two-headed ogre hits you with a +0 giant club!
You hit the two-headed ogre.
The two-headed ogre is lightly wounded.
You hit the two-headed ogre.
The two-headed ogre is lightly wounded.
The two-headed ogre hits you with a +0 giant club!! x2
You hit the two-headed ogre but do no damage.
The two-headed ogre is lightly wounded.
You slice the two-headed ogre!!
The two-headed ogre is heavily wounded.
The two-headed ogre hits you with a +0 giant club!!
* * * LOW HITPOINT WARNING * * *
The two-headed ogre hits you but does no damage.
You hit the two-headed ogre.
The two-headed ogre is heavily wounded.
The two-headed ogre hits you with a +0 giant club!
* * * LOW HITPOINT WARNING * * *
The two-headed ogre hits you with a +0 giant club.
You die...
Your body crumbles into a pile of gold.

###### ######
#....# .....#
#....# (...#
#....# ....+
#..).####...#
$
#....#..#O.#
###'##..#@.#
#.>..'..#..#
#....##'#..#
######..'..#
#....#..#..#
#....#..#..#
#....'..#..#
#....#..#..#
##'###'#####


You could see a two-headed ogre.

Vanquished Creatures
  A gargoyle (D:10)
  A kobold demonologist (D:9)
  A hornet (D:9)
  2 trolls
  A shadow (D:6)
  A wyvern (D:6)
  9 yaks
  A wraith (D:9)
  Eustachio (D:4)
  2 water moccasins
  8 orc warriors (D:8)
  3 sky beasts
  Pargi (Sewer)
  An ice beast (D:6)
  3 centaurs
  3 phantoms
  2 kobold brigands
  5 bullfrogs
  9 scorpions
  A gnoll sergeant (D:9)
  A necrophage (D:7)
  9 wights
  3 howler monkeys
  A vampire bat (D:5)
  An electric eel (D:8)
  2 centaur zombies (Ossuary)
  3 human zombies (Ossuary)
  5 orc priests
  6 hounds
  3 jellies
  4 iguanas
  6 scorpion zombies (Ossuary)
  Natasha (thrice) (D:4)
  11 orc wizards
  3 mummies (Ossuary)
  6 gnolls
  12 adders
  A white imp (D:6)
  An ufetubus (D:6)
  4 worms
  6 dart slugs
  3 fire bats (D:5)
  49 orcs
  2 spectral bats (D:5)
  8 ball pythons
  A bat simulacrum (D:5)
  3 bat skeletons (D:5)
  A bat zombie (D:5)
  6 endoplasms
  4 giant cockroaches
  2 gnoll zombies (Ossuary)
  10 goblins
  5 hobgoblins
  3 jackals (D:2)
  17 kobolds
  6 quokkas
  20 bats
  4 frilled lizards (D:1)
  3 goblin zombies (Ossuary)
  6 hobgoblin zombies (Ossuary)
  2 kobold zombies (Ossuary)
  4 orc zombies (Ossuary)
  5 rats
311 creatures vanquished.

Vanquished Creatures (collateral kills)
  An orc (D:4)
1 creature vanquished.

Vanquished Creatures (others)
  2 yaks (D:10)
  An orc (D:8)
  3 plants
6 creatures vanquished.

Grand Total: 318 creatures vanquished

Notes
Turn   | Place    | Note
-------+----------+-------------------------------------------
     0 | D:1      | Dorkslayer the Hill Orc Fighter began the quest for the
                  | Orb.
     0 | D:1      | Reached XP level 1. HP: 19/19 MP: 1/1
   118 | D:1      | Reached XP level 2. HP: 19/27 MP: 2/2
   318 | D:1      | Reached XP level 3. HP: 33/33 MP: 3/3
   320 | D:1      | Reached skill level 3 in Axes
   352 | D:1      | Found a faded altar of an unknown god.
   392 | D:1      | Found Rik Buc's General Store.
   668 | D:1      | Reached skill level 1 in Dodging
  1207 | D:2      | Reached XP level 4. HP: 24/40 MP: 4/4
  2011 | D:3      | Reached skill level 4 in Axes
  2225 | D:3      | Reached XP level 5. HP: 45/46 MP: 5/5
  2685 | D:4      | Found a snail-covered altar of Cheibriados.
  2715 | D:4      | Reached skill level 5 in Axes
  2825 | D:4      | Noticed Natasha
  2838 | D:4      | Killed Natasha
  3018 | D:4      | Reached XP level 6. HP: 52/53 MP: 6/6
  3061 | D:4      | Found Macequc's Antique Armour Shoppe.
  3093 | D:4      | Found a staircase to the Ecumenical Temple.
  3094 | D:4      | Noticed Natasha
  3102 | D:4      | Killed Natasha
  3105 | Temple   | Entered the Ecumenical Temple
  3111 | Temple   | Became a worshipper of Gozag Ym Sagoz the Greedy
  3272 | D:4      | Found Mem Geics's Magic Scroll Shoppe.
  3278 | D:4      | Bought a scroll of teleportation for 42 gold pieces
  3278 | D:4      | Bought a scroll of identify for 28 gold pieces
  3278 | D:4      | Bought a scroll of identify for 28 gold pieces
  3278 | D:4      | Bought a scroll of fear for 56 gold pieces
  3340 | D:4      | Noticed Eustachio
  3352 | D:4      | Killed Eustachio
  3353 | D:4      | Reached skill level 6 in Axes
  3518 | D:4      | Reached XP level 7. HP: 60/60 MP: 7/7
  3772 | D:5      | Entered Level 5 of the Dungeon
  3772 | D:5      | Noticed a yak
  3772 | D:5      | Noticed a yak
  3772 | D:5      | Noticed a yak
  3772 | D:5      | Noticed a yak
  3772 | D:5      | Noticed a yak
  3772 | D:5      | Noticed a yak
  3781 | D:5      | Killed a yak
  3781 | D:5      | Killed a yak
  3781 | D:5      | Killed a yak
  3782 | D:5      | Reached skill level 5 in Fighting
  3782 | D:5      | Reached skill level 7 in Axes
  3782 | D:5      | Reached skill level 5 in Armour
  3782 | D:5      | Reached XP level 8. HP: 29/69 MP: 8/8
  3782 | D:5      | Killed a yak
  3782 | D:5      | Killed a yak
  3783 | D:5      | Reached skill level 8 in Axes
  3789 | D:5      | Killed a yak
  3993 | D:5      | Reached skill level 9 in Axes
  4097 | D:5      | Found a glowing drain.
  4138 | Sewer    | Entered a sewer
  4183 | Sewer    | Noticed Pargi
  4192 | Sewer    | Killed Pargi
  4193 | Sewer    | Reached XP level 9. HP: 69/75 MP: 9/9
  4243 | D:5      | Identified the +4 ring mail "Niruth" {Harm +Blink rN+
                  | Int-2}
  4395 | D:5      | Reached skill level 10 in Axes
  4900 | D:4      | Noticed Natasha
  4906 | D:4      | Killed Natasha
  4923 | D:4      | Bought a scroll of identify for 28 gold pieces
  4988 | D:1      | Bought a potion of curing for 42 gold pieces
  4988 | D:1      | Bought a scroll of enchant armour for 105 gold pieces
  4988 | D:1      | Bought a potion of attraction for 42 gold pieces
  5090 | D:4      | Bought a glowing cloak for 172 gold pieces
  5701 | D:6      | Reached skill level 1 in Stealth
  5825 | D:6      | Reached skill level 11 in Axes
  5848 | D:6      | Noticed a troll
  5859 | D:6      | Killed a troll
  6220 | D:6      | Found a bloodstained altar of Trog.
  6429 | D:7      | Reached skill level 1 in Evocations
  6440 | D:7      | Identified the -1 pair of gloves of Reofe {rPois rF- rC+}
  6559 | D:7      | Reached skill level 5 in Shields
  6605 | D:7      | Reached skill level 5 in Dodging
  6605 | D:7      | Reached XP level 10. HP: 41/81 MP: 10/10
  6609 | D:7      | Reached skill level 1 in Throwing
  7456 | D:8      | Reached skill level 12 in Axes
  7511 | D:8      | Found a glowing golden altar of the Shining One.
  7581 | D:8      | Identified the +4 dagger "Jinot" {speed, Int+2}
  7620 | D:8      | Found a roughly hewn altar of Beogh.
  7769 | D:8      | Found a sand-covered staircase.
  7774 | Ossuary  | Entered an ossuary
  8223 | Ossuary  | Reached skill level 13 in Axes
  8768 | D:4      | Bought a heavily runed plate armour for 644 gold pieces
  8768 | D:4      | Identified the +1 plate armour "Qyliot" {+Inv rElec rF+++
                  | Str-5} (You bought it in a shop on level 4 of the Dungeon)
  8830 | D:4      | Bought a scroll of teleportation for 42 gold pieces
  8830 | D:4      | Bought a scroll of summoning for 133 gold pieces
  8894 | D:9      | Noticed a kobold demonologist
  8906 | D:9      | Noticed a rust devil
  8911 | D:9      | Noticed a rust devil
  8911 | D:9      | Killed a kobold demonologist
  9038 | D:9      | Found a staircase to the Lair.
  9084 | D:9      | Reached XP level 11. HP: 84/94 MP: 11/11
  9841 | D:9      | Found Rioxaumu's Antique Armour Shop.
 10580 | D:10     | Entered Level 10 of the Dungeon
 11147 | D:10     | Found a hazy altar of Hepliaklqana.
 11292 | D:10     | Noticed a two-headed ogre
 11299 | D:10     | HP: 3/95 [two-headed ogre/+0 giant club (14)]
 11299 | D:10     | Slain by a two-headed ogre

Illustrated notes

Levels and vault maps discovered:
D:1:      erik_arrival_orb_chamber, layout_basic,
          ebering_ecumenical_altar_abandoned, serial_shops, shop
D:2:      layout_basic
D:3:      layout_basic
D:4:      layout_loops_ring, slow_altar_2, minmay_temple_entry_antechambers,
          serial_shops, nicolae_shop_behind_doors, nicolae_take_the_stairs,
          uniq_eustachio, uniq_natasha
D:5:      layout_loops_cross, gup_sewer_entry_glass, goddamned_bats
D:6:      layout_loops_ring, trog_hazing_becter, hangedman_minor_gate_pass
D:7:      layout_gridville
D:8:      layout_basic, mainiacjoe_overflow_chevrons, enter_ossuary_2,
          special_room [special_room_orc], corexii_mini_fake_secret_closet
D:9:      layout_layer_cave, dpeg_oklobed_lair, serial_shops, shop
D:10:     layout_grid_maze, mainiacjoe_overflow_brackets,
          mainiacjoe_overflow_paths, hex_large, minmay_misc_feat_square,
          nicolae_fountain_basement
Temple:   sentei_temple_godly_chess

Skill      XL: |  1  2  3  4  5  6  7  8  9 10 11 |
---------------+----------------------------------+-----
Fighting       | 4 5 6 7 8 |  8.5
Axes           | 3 4 5 6 7 9 11 13 | 13.7
Dodging        | 1 2 3 5 6 |  6.2
Armour         | 4 5 6 7 |  7.9
Shields        | 4 5 |  5.6
Stealth        | 1 |  1.7
Evocations     | 1 3 4 |  4.2
Throwing       | 1 |  1.6

Action                   |  1- 3 |  4- 6 |  7- 9 | 10-12 || total
-------------------------+-------+-------+-------+-------++-------
Melee: War axe           |   104 |   118 |   247 |   400 ||   869
Throw: Boomerang         |       |       |    12 |    11 ||    23
Evoke: Wand              |       |       |       |     5 ||     5
  Use: Scroll            |     4 |     8 |     9 |     5 ||    26
       Potion            |       |       |     3 |     9 ||    12
 Stab: Distracted        |       |       |     1 |     2 ||     3
Armor: Scale mail        |    58 |    56 |     2 |       ||   116
       Plate armour      |       |       |   145 |   193 ||   338
Dodge: Dodged            |    40 |    47 |   102 |   137 ||   326
Block: Buckler           |    16 |    24 |    60 |    70 ||   170
